 Dungeon Crawl Stone Soup version 0.16.0-17-g811c1d7 (webtiles) character file.

3180 Huymann the Thaumaturge (level 9, -13/51 HPs)
             Began as a Deep Elf Fire Elementalist on Mar 20, 2015.
             Was a Believer of Vehumet.
             Shot with a sling bullet by Joseph (17 damage)
             ... on level 7 of the Dungeon.
             The game lasted 00:58:26 (7817 turns).

Huymann the Thaumaturge (DEFE)                      Turns: 7817, Time: 00:58:26

Health: -13/51     AC:  7    Str:  6    XL:     9   Next: 63%
Magic:  19/29      EV: 20    Int: 22    God:    Vehumet [**....]
Gold:   297        SH:  0    Dex: 16    Spells: 8 memorised, 6 levels left

rFire  . . .     SeeInvis .     m - +0 dagger (venom)
rCold  . . .     Clarity  .     n - +1 robe
rNeg   . . .     SustAb   .     (no shield)
rPois  .         Gourm    .     H - +1 helmet
rElec  .         Spirit   .     (no cloak)
rCorr  .         Warding  .     (no gloves)
rMut   .         Stasis   .     M - +1 pair of boots
MR     .....                    (no amulet)
Stlth  +++.......               u - ring of invisibility
                                r - +5 ring of evasion

@: very slightly contaminated, invisible, not resistant to hostile enchantments,
fairly stealthy
A: no striking features
a: Renounce Religion, Turn Visible


You were on level 7 of the Dungeon.
You worshipped Vehumet.
Vehumet was pleased with you.
You were hungry.

You visited 1 branch of the dungeon, and saw 7 of its levels.

You collected 297 gold pieces.

Inventory:

Hand weapons
 m - a +0 dagger of venom (weapon)
 q - the +8 mace "Exudupyg" {venom, rElec rC+ Int+3 Dex-5 SInv}
   (You found it on level 4 of the Dungeon)

   It poisons the flesh of those it strikes.
   It affects your intelligence (+3).
   It affects your dexterity (-5).
   It protects you from cold.
   It insulates you from electricity.
   It enhances your eyesight.
 B - a +0 shortbow
 E - a +0 blowgun
Missiles
 g - 17 poisoned needles
 x - 78 arrows
Armour
 n - a +1 robe (worn)
 H - a +1 helmet (worn)
 M - a +1 pair of boots (worn)
Jewellery
 r - a +5 ring of evasion (left hand)
 u - a ring of invisibility (right hand)
Magical devices
 y - a wand of lightning (7)
 J - a wand of fire (5)
Scrolls
 h - a scroll of enchant armour
 i - 3 scrolls of fear
 p - a scroll of teleportation
 s - a scroll of blinking
 t - a scroll of fog
 D - 2 scrolls of magic mapping
 F - 3 scrolls of remove curse
Potions
 a - 2 potions of agility {unknown}
 e - 3 potions of might
 j - a potion of cancellation {unknown}
 k - 3 potions of restore abilities
 l - 4 potions of curing
 v - a potion of brilliance {unknown}
 G - a potion of ambrosia {unknown}
 K - a potion of flight {unknown}
Books
 b - a book of Flames

   Spells                             Type                      Level
   a - Flame Tongue                   Conjuration/Fire             1
   b - Throw Flame                    Conjuration/Fire             2
   c - Conjure Flame                  Conjuration/Fire             3
   d - Inner Flame                    Hexes/Fire                   3
   e - Sticky Flame                   Conjuration/Fire             4
   f - Fireball                       Conjuration/Fire             5
Comestibles
 c - 5 bread rations
 f - 3 meat rations
 o - 11 fruits
 z - 2 slices of pizza
 C - 2 beef jerkies


   Skills:
 * Level 3.2 Fighting
 * Level 4.1 Short Blades
 * Level 5.0 Dodging
 * Level 6.2 Stealth
 * Level 9.1 Spellcasting
 * Level 5.6 Conjurations
 * Level 4.2 Hexes
 + Level 5.3 Fire Magic
 + Level 0.7 Ice Magic
 * Level 4.4 Evocations


You had 6 spell levels left.
You knew the following spells:

 Your Spells              Type           Power        Failure   Level  Hunger
a - Flame Tongue          Conj/Fire      ####.        1%          1    None
b - Conjure Flame         Conj/Fire      ####....     1%          3    None
c - Throw Flame           Conj/Fire      ####..       1%          2    None
d - Inner Flame           Hex/Fire       ####....     2%          3    None
e - Sticky Flame          Conj/Fire      ####....     10%         4    ##.....
f - Sting                 Conj/Pois      ###.         1%          1    None
g - Freeze                Ice            ##..         6%          1    None
h - Fireball              Conj/Fire      ####......   21%         5    ####...


Dungeon Overview and Level Annotations

Branches:
Dungeon (7/15)             Temple (0/1) D:7

Altars:
Ashenzari
Dithmenos
Gozag
Okawaru
Trog
Vehumet
Xom
The Shining One

Shops:
D:4 (}

Annotations:
D:7 Joseph


Message History

Confirm with . or Enter, or press ? or * to list all spells.
Aiming: Flame Tongue
Press: ? - help, Shift-Dir - straight line, f/p - Joseph
Aim: Joseph, wielding a hunting sling and wearing a ring mail (lightly wounded)
The flame tongue hits Joseph.
Joseph appears unharmed.
Joseph is lightly wounded.
Casting: Flame Tongue
Confirm with . or Enter, or press ? or * to list all spells.
Aiming: Throw Flame
Press: ? - help, Shift-Dir - straight line, f/p - Joseph
Aim: Joseph, wielding a hunting sling and wearing a ring mail (lightly wounded, hasn't noticed you)
The puff of flame hits Joseph.
Joseph is lightly wounded.
Joseph shouts!
Joseph shoots a sling bullet.
The sling bullet barely misses you.
Joseph shoots a sling bullet.
The sling bullet hits you!
* * * LOW HITPOINT WARNING * * *
You see here a sling bullet.
Joseph shoots a sling bullet.
The sling bullet hits you!
You die...

##.###...........##....
#.# #...........##....
#.###...........##.###
#.....#...........>...
###########.....##.###
#(..........##.#..
#.#####.....##.#.. #.#
#.....##.... #@#
#.....##.#.) #(#
#.....##.#.. #(#
#.....##.#.. #ยง#
###......#..
#.......@.........
#@....... ###...
#......r. #...
#........ ... ####.###


You could see Joseph.

Vanquished Creatures
  The ghost of dartonias the Basher, an experienced OgWr of Okawaru (D:6)
  Pikel (D:4)
  Prince Ribbit (D:4)
  The ghost of Pr0man the Charlatan, an average DrAr (D:3)
  3 slaves (D:4)
  2 water moccasins
  2 ogres (D:6)
  2 centaurs (D:5)
  2 ice beasts
  3 scorpions
  A goliath beetle (D:6)
  A crimson imp (D:6)
  3 wights (D:4)
  An electric eel (D:6)
  A centaur skeleton (D:6)
  3 orc priests
  3 hounds
  A jelly (D:5)
  A giant frog skeleton (D:5)
  2 iguanas
  4 orc wizards
  Natasha (D:3)
  A worker ant (D:5)
  A killer bee zombie (D:6)
  Ijyb (D:3)
  2 hound zombies (D:6)
  11 adders
  2 giant mites
  5 worms
  2 adder zombies
  2 oozes
  3 giant geckos
  6 orcs
  2 bat skeletons (D:6)
  3 bat zombies (D:6)
  4 giant cockroaches
  6 goblins
  13 hobgoblins
  4 jackals (D:5)
  5 quokkas
  4 ball pythons
  16 bats
  2 giant cockroach zombies
  2 giant newts
  A jackal zombie (D:7)
  7 kobolds
  12 rats
157 creatures vanquished.

Notes
Turn   | Place    | Note
--------------------------------------------------------------
     0 | D:1      | Huymann, the Deep Elf Fire Elementalist, began the quest for the Orb.
     0 | D:1      | Reached XP level 1. HP: 10/10 MP: 5/5
   609 | D:1      | Reached XP level 2. HP: 12/15 MP: 8/8
  1204 | D:2      | Reached XP level 3. HP: 19/19 MP: 6/11
  1209 | D:2      | Learned a level 3 spell: Conjure Flame
  2012 | D:3      | Reached skill level 4 in Spellcasting
  2105 | D:3      | Reached XP level 4. HP: 24/24 MP: 15/15
  2119 | D:3      | Found a shattered altar of Ashenzari.
  2147 | D:3      | Noticed Pr0man's ghost (average DrAr)
  2154 | D:3      | Killed Pr0man's ghost
  2154 | D:3      | Reached skill level 1 in Fighting
  2154 | D:3      | Reached skill level 1 in Short Blades
  2154 | D:3      | Reached XP level 5. HP: 22/29 MP: 10/18
  2204 | D:3      | Learned a level 2 spell: Throw Flame
  2208 | D:3      | Learned a level 3 spell: Inner Flame
  2431 | D:3      | Reached skill level 5 in Spellcasting
  2438 | D:3      | Noticed Ijyb
  2445 | D:3      | Killed Ijyb
  2541 | D:3      | Found a bloodstained altar of Trog.
  2573 | D:3      | Noticed Natasha
  2581 | D:3      | Killed Natasha
  2581 | D:3      | Reached XP level 6. HP: 23/34 MP: 14/21
  2980 | D:3      | Learned a level 4 spell: Sticky Flame
  3052 | D:4      | Found a glowing golden altar of the Shining One.
  3110 | D:4      | Noticed Prince Ribbit
  3127 | D:4      | Found Caidid's Weapon Shop.
  3134 | D:4      | Killed Prince Ribbit
  3134 | D:4      | Reached skill level 1 in Hexes
  3134 | D:4      | Reached skill level 1 in Evocations
  3375 | D:4      | Reached XP level 7. HP: 15/38 MP: 12/23
  3744 | D:4      | Reached skill level 6 in Spellcasting
  3940 | D:4      | Got a polished mace
  4006 | D:4      | Found a radiant altar of Vehumet.
  4013 | D:4      | Became a worshipper of Vehumet
  4487 | D:4      | Found Wovicw's Gadget Emporium.
  4529 | D:4      | Noticed Pikel
  4555 | D:4      | Killed Pikel
  4555 | D:4      | Reached skill level 5 in Stealth
  4555 | D:4      | Reached skill level 7 in Spellcasting
  4555 | D:4      | Reached XP level 8. HP: 39/45 MP: 0/26
  4758 | D:5      | Entered Level 5 of the Dungeon
  4971 | D:5      | Reached skill level 8 in Spellcasting
  5429 | D:5      | Identified the +8 mace "Exudupyg" {venom, rElec rC+ Int+3 Dex-5 SInv} (You found it on level 4 of the Dungeon)
  5455 | D:5      | Acquired Vehumet's first power
  5455 | D:5      | Offered knowledge of Sting by Vehumet.
  5514 | D:5      | Learned a level 1 spell: Sting
  5684 | D:5      | Reached skill level 5 in Conjurations
  5856 | D:6      | Noticed dartonias' ghost (experienced OgWr)
  5864 | D:6      | Killed dartonias' ghost
  5864 | D:6      | Reached skill level 5 in Fire Magic
  5864 | D:6      | Reached XP level 9. HP: 33/49 MP: 14/29
  6050 | D:6      | Found an iron altar of Okawaru.
  6056 | D:6      | Found an opulent altar of Gozag.
  6058 | D:6      | Found a shadowy altar of Dithmenos.
  6363 | D:6      | Found a shimmering altar of Xom.
  6364 | D:6      | Found a shimmering altar of Xom.
  6364 | D:6      | Found a shimmering altar of Xom.
  6364 | D:6      | Found a shimmering altar of Xom.
  6364 | D:6      | Found a shimmering altar of Xom.
  6365 | D:6      | Found a shimmering altar of Xom.
  6366 | D:6      | Found a shimmering altar of Xom.
  6367 | D:6      | Found a shimmering altar of Xom.
  6385 | D:6      | Reached skill level 9 in Spellcasting
  6403 | D:6      | Offered knowledge of Freeze by Vehumet.
  6460 | D:6      | Learned a level 1 spell: Freeze
  7506 | D:7      | Reached skill level 5 in Dodging
  7561 | D:7      | Learned a level 5 spell: Fireball
  7733 | D:7      | Found a staircase to the Ecumenical Temple.
  7800 | D:7      | Noticed Joseph
  7817 | D:7      | Shot with a sling bullet by Joseph

Action                   |  1- 3 |  4- 6 |  7- 9 || total
-------------------------+-------+-------+-------++-------
Melee: Short sword       |    55 |    19 |     2 ||    76
       Dagger            |       |       |   144 ||   144
 Cast: Flame Tongue      |    42 |    37 |   113 ||   192
       Conjure Flame     |     1 |     5 |    28 ||    34
       Throw Flame       |       |     5 |    12 ||    17
       Inner Flame       |       |     2 |    13 ||    15
       Sticky Flame      |       |       |     2 ||     2
       Freeze            |       |       |    14 ||    14
       Sting             |       |       |     9 ||     9
       Fireball          |       |       |     1 ||     1
 Abil: Evoke Invisibilit |       |       |     1 ||     1
Evoke: Wand              |       |       |     1 ||     1
  Use: Scroll            |     8 |     2 |     6 ||    16
 Stab: Sleeping          |     2 |     4 |     7 ||    13
       Distracted        |       |       |     1 ||     1
  Eat: Chunk             |     4 |     4 |    14 ||    22
